 Dungeon Crawl Stone Soup version 0.20-a0-1006-ge6c5631 (webtiles) character file.

503 mopl the Sneak (level 6, 0/38 HPs)
             Began as a Deep Elf Assassin on Apr 13, 2017.
             Slain by a hound (5 damage)
             ... on level 4 of the Dungeon.
             The game lasted 00:07:06 (3901 turns).

mopl the Sneak (Deep Elf Assassin)                  Turns: 3901, Time: 00:07:07

Health: 0/38       AC:  6    Str: 10    XL:     6   Next: 96%
Magic:  8/8        EV: 12    Int: 16    God:
Gold:   290        SH:  0    Dex: 18    Spells: 5/5 levels left

rFire    . . .     SeeInvis .   b - +0 blowgun
rCold    . . .     Gourm    +   (no shield)
rNeg     . . .     Faith    .   c - +0 robe
rPois    .         Spirit   .   (no helmet)
rElec    .         Reflect  .   d - +0 cloak
rCorr    +         Harm     .   (no gloves)
MR       .....                  s - +2 pair of boots
Stlth    ++++......             x - amulet of the gourmand
Regen    0.2/turn               j - ring of resist corrosion
MPRegen  0.2/turn               m - +2 ring of strength

@: no status effects
A: no striking features
a: no special abilities


You were on level 4 of the Dungeon.
You were completely stuffed.

You visited 1 branch of the dungeon, and saw 5 of its levels.

You collected 290 gold pieces.

Inventory:

Hand Weapons
 a - a +2 dagger of draining
 b - a +0 blowgun (weapon)
Missiles
 e - 29 poisoned needles (quivered)
 f - 2 curare-tipped needles
 l - 10 tomahawks
 y - 2 throwing nets
Armour
 c - a +0 robe (worn)
 d - a +0 cloak (worn)
 s - a +2 pair of boots (worn)
Jewellery
 j - a ring of resist corrosion (left hand)
 m - a +2 ring of strength (right hand)
 x - an amulet of the gourmand (around neck)
Wands
 v - a wand of acid (0/15)
Scrolls
 h - a scroll of blinking {unknown}
 k - 4 scrolls of teleportation {unknown}
 n - a scroll of fear {unknown}
 o - a scroll of recharging {unknown}
 r - a scroll of magic mapping {unknown}
 z - a scroll of remove curse {unknown}
 A - 3 scrolls of amnesia {unknown}
 C - a scroll of identify
Potions
 p - 3 potions of resistance
 q - 2 potions of curing
 t - a potion of mutation {!q}
 w - a potion of magic
Comestibles
 g - 6 bread rations
 i - 3 meat rations
 u - 2 royal jellies


   Skills:
 + Level 3.8 Fighting
 - Level 2.0 Short Blades
 + Level 4.6 Throwing
 - Level 1.2 Dodging
 + Level 7.3 Stealth


You had 5 spell levels left.
You didn't know any spells.

Dungeon Overview and Level Annotations

Branches:
Dungeon (5/15)
 Temple: D:4-7

Altars:
Hepliaklqana
Makhleb
Yredelemnul

Annotations:
D:3 Doomer's ghost, amateur KoWn


Message History

The hound is lightly wounded.
The hound barely misses you.
Unknown command.
Firing (i - inventory. (,) - cycle):
e - 31 poisoned needles (quivered)
Press: ? - help, Shift-Dir - straight line, f/p - hound
Aim: a hound (lightly wounded, poisoned)
You shoot a poisoned needle. The poisoned needle hits the hound.
The hound looks as sick as possible!
The hound is lightly wounded.
The hound bites you.
* * * LOW HITPOINT WARNING * * *
Unknown command.
Firing (i - inventory. (,) - cycle):
e - 30 poisoned needles (quivered)
Press: ? - help, Shift-Dir - straight line, f/p - hound
Aim: a hound (lightly wounded, poisoned)
You shoot a poisoned needle. The poisoned needle hits the hound.
The hound looks as sick as possible!
The hound is lightly wounded.
The hound bites you.
You die...

#.......#.#####.# ##+##
####.........##.#######
##...## #
#.#######..........####.....##
####.# #.#####.....##.......#
.....# #.# #................
.....# #.# #................
###..# #.# #................
##.# #.#####.....##.......#
#.#######>.hh@.....####.....##
#.........#######.## ##...##
###.####### #.# ##'## #.# #.#
#.# #.# #####.##### #.# #.#
#.........###.## #.#
#.###.###.##...## #.# #.#
#.###.#.....## ######.# #.#
#..........###


You could see 2 hounds.

Vanquished Creatures
  Grinder (D:4)
  An ogre (D:4)
  A hound (D:5)
  An iguana (D:4)
  A worker ant (D:5)
  A gnoll (D:1)
  4 adders
  2 worms (D:2)
  2 dart slugs
  4 leopard geckos
  9 orcs
  A ball python (D:2)
  5 giant cockroaches
  4 goblins
  5 hobgoblins
  6 jackals
  12 kobolds
  2 quokkas (D:4)
  10 bats
  3 frilled lizards
  2 gnoll zombies (D:3)
  A jackal skeleton (D:5)
  9 rats
87 creatures vanquished.

Notes
Turn   | Place    | Note
-------+----------+-------------------------------------------
     0 | D:1      | mopl the Deep Elf Assassin began the quest for the Orb.
     0 | D:1      | Reached XP level 1. HP: 12/12 MP: 3/3
    45 | D:1      | Reached skill level 5 in Stealth
    45 | D:1      | Reached XP level 2. HP: 17/17 MP: 4/4
   391 | D:1      | Reached skill level 2 in Fighting
   394 | D:1      | Reached XP level 3. HP: 18/21 MP: 5/5
   751 | D:2      | Found a hazy altar of Hepliaklqana.
  1570 | D:2      | Reached skill level 3 in Throwing
  1634 | D:2      | Found a burning altar of Makhleb.
  1971 | D:3      | Reached XP level 4. HP: 26/26 MP: 6/6
  2068 | D:3      | You fall through a shaft for 2 floors!
  2068 | D:5      | Entered Level 5 of the Dungeon
  2080 | D:5      | Reached skill level 6 in Stealth
  2256 | D:5      | Reached XP level 5. HP: 31/31 MP: 7/7
  2344 | D:5      | Noticed a sky beast
  2584 | D:4      | Found a basalt altar of Yredelemnul.
  2916 | D:4      | Noticed Grinder
  3186 | D:3      | Noticed Doomer's ghost (amateur KoWn)
  3211 | D:3      | Reached skill level 3 in Fighting
  3397 | D:3      | Found a basalt altar of Yredelemnul.
  3668 | D:4      | Noticed an ogre
  3672 | D:4      | Killed an ogre
  3672 | D:4      | Reached skill level 4 in Throwing
  3672 | D:4      | Reached XP level 6. HP: 37/37 MP: 8/8
  3771 | D:4      | Killed Grinder
  3771 | D:4      | Reached skill level 7 in Stealth
  3901 | D:4      | Slain by a hound

Vault maps used:
D:1:      matt_arrival_grand_opening
D:2:      minmay_kobold_bridge, lemuel_coloured_pillars_altar,
          nicolae_overflow_crystal_walls, first_bread
D:3:      lemuel_zombie_altar_yredelemnul
D:4:      yredelemnul_altar_generic, uniq_grinder
D:5:      cheibrodos_gnoll_hut

Skill      XL: |  1  2  3  4  5  6 |
---------------+-------------------+-----
Stealth        | 5 6 7 |  7.3
Fighting       | 2 3 |  3.8
Throwing       | 3 4 |  4.6
Short Blades   | |  2.0
Dodging        | |  1.2

Action                   |  1- 3 |  4- 6 || total
-------------------------+-------+-------++-------
Melee: Dagger            |   129 |   116 ||   245
 Fire: Blowgun           |     6 |    14 ||    20
Evoke: Wand              |       |     3 ||     3
  Use: Scroll            |       |     4 ||     4
 Stab: Sleeping          |    16 |     9 ||    25
  Eat: Chunk             |     3 |    16 ||    19
Armor: Robe              |    32 |    36 ||    68
Dodge: Dodged            |    56 |    83 ||   139
